[Event "December 12 Late 2023"]
[Site "https://www.chess.com"]
[Date "2023.12.12"]
[Round "2"]
[White "Kovalev, Vladislav"]
[Black "Shapiro, Viktor"]
[Result "1-0"]
[Board "35"]
[TimeControl "180+1"]
[WhiteFideId "13504398"]
[BlackFideId "4175700"]
[WhiteElo "2889"]
[BlackElo "2538"]
[WhiteTeam "FID"]
[BlackTeam "RUS"]
[WhiteClock "0:00:09"]
[BlackClock "0:00:01"]

1. e4 Nf6 2. e5 Nd5 3. d4 d6 4. Nf3 Bg4 5. Be2 e6 6. h3 Bh5 7. O-O Be7 8. c4 Nb6 9. Nc3 O-O 10. Be3 N8d7 11. exd6 cxd6 12. b3 a5 13. Nb5 a4 14. Nd2 Bg6 15. Bf3 d5 16. c5 Nc8 17. b4 Bg5 18. Qe2 Bxe3 19. Qxe3 Ne7 20. Nd6 Nf5 21. Nxf5 Bxf5 22. Nb1 Bxb1 23. Raxb1 b5 24. Be2 Rb8 25. Rbc1 Qc7 26. c6 Nf6 27. Bd3 Rb6 28. Qe5 Rc8 29. Rc5 Rxc6 30. Qxc7 R6xc7 31. Rfc1 Rxc5 32. dxc5 d4 33. Bxb5 Nd5 34. a3 Nc3 35. Bc4 e5 36. Kf1 Kf8 37. Ke1 f6 38. Kd2 Ke7 39. Kd3 Rd8 40. f3 f5 41. Re1 e4+ 42. fxe4 fxe4+ 43. Rxe4+ Nxe4 44. Kxe4 g5 45. b5 h5 46. b6 Rb8 47. Kxd4 Rd8+ 48. Bd5 Rb8 49. Kc4 g4 50. hxg4 hxg4 51. Kb5 Rd8 52. b7 Kd7 53. Kb6 Rb8 54. Be4 g3 55. c6+ Kd6 56. c7 1-0

[Event "December 12 Late 2023"]
[Site "https://www.chess.com"]
[Date "2023.12.12"]
[Round "2"]
[White "Szpar, Milosz"]
[Black "Asish Panda"]
[Result "1-0"]
[Board "36"]
[TimeControl "180+1"]
[WhiteFideId "1184989"]
[BlackFideId "45012458"]
[WhiteElo "2886"]
[BlackElo "2538"]
[WhiteTeam "POL"]
[BlackTeam "IND"]
[WhiteClock "0:00:03"]
[BlackClock "0:00:02"]

1. Nf3 d5 2. e3 Nf6 3. c4 e6 4. b3 c5 5. Bb2 Nc6 6. cxd5 exd5 7. Be2 d4 8. exd4 cxd4 9. Bb5 Bc5 10. Qe2+ Be6 11. Qe5 Bd6 12. Qxd4 O-O 13. Bxc6 bxc6 14. O-O Bd5 15. Qh4 Bxf3 16. Bxf6 gxf6 17. gxf3 Kh8 18. Nc3 Be5 19. d4 Qxd4 20. Qxd4 Bxd4 21. Rac1 Rg8+ 22. Kh1 Rae8 23. Ne4 Re6 24. Rfd1 Be5 25. Nc5 Re7 26. Rd7 Rge8 27. Rcd1 Kg7 28. Kg2 Kg6 29. h3 h5 30. Kf1 Kf5 31. R7d3 Kg6 32. Re1 Bc7 33. Rc1 Bb6 34. Ne4 Re6 35. Rc4 f5 36. Nc3 Re1+ 37. Kg2 R8e6 38. a4 Kg7 39. f4 Rg6+ 40. Rg3 Rc1 41. Ne2 Rb1 42. b4 Rb2 43. Rxg6+ fxg6 44. Kf3 Rb3+ 45. Kg2 Rb2 46. Kf1 Rb1+ 47. Nc1 Bc7 48. Ke2 Bd6 49. Nd3 Rb3 50. Rxc6 Bf8 51. Rc7+ Kh6 52. b5 Ra3 53. Rxa7 Ra2+ 54. Ke3 Ra3 55. Ra6 Bc5+ 56. Ke2 Ra2+ 57. Kd1 Ra1+ 58. Kc2 Bd4 59. Kb3 Rb1+ 60. Kc4 Bg7 61. a5 Ra1 62. Ne5 Ra2 63. b6 Rxf2 64. Kd5 Rd2+ 65. Ke6 Rc2 66. Nf7+ Kh7 67. Ng5+ Kh6 68. b7 Re2+ 69. Kf7 Rb2 70. Rxg6# 1-0

[Event "December 12 Late 2023"]
[Site "https://www.chess.com"]
[Date "2023.12.12"]
[Round "2"]
[White "Silva, Kaua Marques"]
[Black "Popov, Konstantin"]
[Result "0-1"]
[Board "37"]
[TimeControl "180+1"]
[WhiteFideId "22701168"]
[BlackFideId "34137910"]
[WhiteElo "2537"]
[BlackElo "2871"]
[WhiteTeam "BRA"]
[BlackTeam "FID"]
[WhiteClock "0:00:00"]
[BlackClock "0:01:11"]

1. e4 c5 2. Nf3 d6 3. c3 Nf6 4. Be2 Bd7 5. d3 Nc6 6. O-O g6 7. Re1 Bg7 8. Bf1 O-O 9. h3 e5 10. a4 a6 11. Na3 Qc7 12. Bg5 Rfe8 13. Qd2 Be6 14. Kh2 Na5 15. Qe3 Nb3 16. Rad1 Qc6 17. Nc4 b5 18. axb5 axb5 19. Ncd2 Ra2 20. Rb1 Nd7 21. Nxb3 Bxb3 22. c4 Nb6 23. Nd2 Bc2 24. Rbc1 Rxb2 25. cxb5 Qxb5 26. Nc4 Nxc4 27. dxc4 Qb3 28. Qxb3 Bxb3 29. f3 h6 30. Be3 Ra8 31. Rb1 Raa2 32. Rxb2 Rxb2 33. Re2 Rb1 34. Rf2 Ra1 35. Bd3 Ra4 36. Rd2 Bf8 37. Rb2 Bxc4 38. Bxc4 Rxc4 39. Rb8 Kg7 40. Rd8 h5 41. Bg5 Rd4 42. Rc8 Rb4 43. g4 Rb7 44. Kg3 Be7 45. Bd2 h4+ 46. Kf2 Rb2 47. Ke1 Rb1+ 48. Ke2 Rh1 49. Re8 Rh2+ 50. Ke1 Bf8 51. Bg5 Rxh3 52. Ke2 Rh2+ 53. Kf1 h3 54. Kg1 Rg2+ 55. Kh1 Rf2 56. Kg1 Rxf3 57. Kh2 c4 58. Rc8 c3 59. Bd8 d5 60. g5 d4 61. Bf6+ Rxf6 62. gxf6+ Kxf6 63. Kxh3 Bb4 64. Rd8 c2 65. Rc8 Bc3 0-1

[Event "December 12 Late 2023"]
[Site "https://www.chess.com"]
[Date "2023.12.12"]
[Round "2"]
[White "Kamsky, Gata"]
[Black "Roberson, Peter T"]
[Result "1-0"]
[Board "38"]
[TimeControl "180+1"]
[WhiteFideId "2000024"]
[BlackFideId "412384"]
[WhiteElo "2858"]
[BlackElo "2537"]
[WhiteTeam "USA"]
[BlackTeam "ENG"]
[WhiteClock "0:00:55"]
[BlackClock "0:00:00"]

1. e4 c5 2. Nf3 d6 3. d4 cxd4 4. Nxd4 Nf6 5. Nc3 a6 6. a4 g6 7. Be2 Bg7 8. O-O O-O 9. Be3 Nc6 10. Qd2 Bd7 11. Rfd1 Rc8 12. f3 Ne5 13. a5 Qc7 14. Ra3 Nc4 15. Bxc4 Qxc4 16. Nde2 Be6 17. Ra4 Qc7 18. Bb6 Qb8 19. Nf4 Nd7 20. Bd4 Nc5 21. Ra3 b5 22. axb6 Qxb6 23. Ncd5 Qb7 24. Bxg7 Kxg7 25. Qd4+ Kg8 26. Ne3 Nd7 27. h4 Qb6 28. Qxb6 Nxb6 29. Rxa6 Nc4 30. Nxc4 Rxc4 31. c3 Rb8 32. Rd2 Bc8 33. Ra7 Kf8 34. Nd5 Bb7 35. Ne3 Rc5 36. Kh2 f5 37. exf5 gxf5 38. Rd4 Rb5 39. b4 Kf7 40. Ra5 Rxa5 41. bxa5 Bc6 42. Nxf5 Rb5 43. Rf4 Ke8 44. Nd4 Rc5 45. Nxc6 Rxc6 46. Ra4 Ra6 47. g4 Kd7 48. g5 Kc6 49. c4 Kc5 50. Kg3 Kd4 51. h5 Ke5 52. Kg4 e6 53. f4+ Ke4 54. g6 hxg6 55. hxg6 Ra7 56. a6 e5 57. f5 Kd4 58. f6 e4 59. f7 e3 60. f8=Q e2 61. Qxd6+ Kc3 62. Qe5+ Kc2 63. Qxe2+ Kb3 64. Qd1+ Kc3 65. Ra3+ Kb4 66. Rb3+ Kxc4 67. Qd3+ Kc5 68. Rb5+ Kc6 69. Qd5+ Kc7 70. Rb7+ Kc8 71. Qc6+ Kd8 72. Qc7+ Ke8 73. Rxa7 1-0

[Event "December 12 Late 2023"]
[Site "https://www.chess.com"]
[Date "2023.12.12"]
[Round "2"]
[White "Silva Lucena, Cristian"]
[Black "Riehle, Marco"]
[Result "0-1"]
[Board "39"]
[TimeControl "180+1"]
[WhiteFideId "2232588"]
[BlackFideId "12904392"]
[WhiteElo "2535"]
[BlackElo "2857"]
[WhiteTeam "ESP"]
[BlackTeam "GER"]
[WhiteClock "0:01:05"]
[BlackClock "0:00:23"]

1. d4 d5 2. c4 e6 3. Nc3 c5 4. Nf3 cxd4 5. Qxd4 Nc6 6. Qd1 d4 7. Nb5 Bb4+ 8. Bd2 Bxd2+ 9. Qxd2 e5 10. e3 a6 11. Na3 Nf6 12. exd4 exd4 13. Bd3 O-O 14. O-O Bg4 15. Nh4 Re8 16. h3 Bd7 17. Nf5 Bxf5 18. Bxf5 Re5 19. Bd3 Qd6 20. Nc2 Rae8 21. Rae1 a5 22. Rxe5 Nxe5 23. Re1 b6 24. f4 Nc6 25. Rxe8+ Nxe8 26. b3 Nf6 27. g3 g6 28. Qe2 Kg7 29. Kh2 Nd7 30. Kg2 Nc5 31. Kh2 h5 32. h4 Nb4 33. Nxb4 axb4 34. Kg2 Qc6+ 35. Kh2 Qd6 36. Kg2 Kf6 37. Kh2 Qe6 38. Kg2 Qxe2+ 39. Bxe2 Kf5 40. Bf3 Ne4 41. Be2 Nc3 42. Bd3+ Ke6 43. Kf3 f5 44. Bc2 Kd6 45. Kf2 Kc5 46. Bd3 Nxa2 47. g4 hxg4 48. h5 gxh5 49. Bxf5 Nc1 50. Kg3 Nxb3 51. Bg6 Kxc4 52. f5 Nc5 53. f6 Nd7 54. f7 b3 55. Bf5 Nf8 56. Kh4 d3 57. Kxh5 d2 0-1

[Event "December 12 Late 2023"]
[Site "https://www.chess.com"]
[Date "2023.12.12"]
[Round "2"]
[White "Gabuzyan, Hovhannes"]
[Black "Tikhonov, Viacheslav"]
[Result "1-0"]
[Board "40"]
[TimeControl "180+1"]
[WhiteFideId "13303732"]
[BlackFideId "44196407"]
[WhiteElo "2848"]
[BlackElo "2532"]
[WhiteTeam "ARM"]
[BlackTeam "RUS"]
[WhiteClock "0:01:06"]
[BlackClock "0:00:08"]

1. e4 c5 2. Nc3 g6 3. d4 cxd4 4. Qxd4 Nf6 5. Be3 Nc6 6. Qd2 d6 7. f3 Bg7 8. O-O-O Be6 9. Nge2 Qa5 10. Kb1 O-O 11. Nf4 Rfc8 12. Nxe6 fxe6 13. Bc4 d5 14. exd5 Nb4 15. Bb3 Rd8 16. a3 Na6 17. g4 Nc7 18. g5 Nh5 19. Bd4 Nxd5 20. Nxd5 Qxd2 21. Rxd2 Bxd4 22. Rxd4 exd5 23. Bxd5+ Kf8 24. Rhd1 Rd7 25. Be4 Rxd4 26. Rxd4 Rb8 27. Rd7 Ng7 28. Rxb7 Rxb7 29. Bxb7 Ne6 30. h4 Nf4 31. Be4 Kf7 32. b4 Ng2 33. a4 Nxh4 34. f4 Ke6 35. a5 Kd6 36. c4 e5 37. c5+ Ke6 38. b5 exf4 39. b6 f3 40. bxa7 f2 41. Bd3 Nf3 42. a8=Q Ne5 43. Qe8+ Kd5 44. Qxe5+ Kxe5 45. a6 Kd4 46. Bf1 Ke3 47. a7 Kd2 48. a8=Q Ke1 49. Qg2 h5 50. gxh6 g5 51. h7 g4 52. h8=Q g3 53. Qc3+ Kd1 54. Qgf3# 1-0

[Event "December 12 Late 2023"]
[Site "https://www.chess.com"]
[Date "2023.12.12"]
[Round "2"]
[White "Davidson, Kevin"]
[Black "Kazakouski, Valery"]
[Result "0-1"]
[Board "41"]
[TimeControl "180+1"]
[WhiteFideId "2056810"]
[BlackFideId "13507443"]
[WhiteElo "2531"]
[BlackElo "2826"]
[WhiteTeam "USA"]
[BlackTeam "LTU"]
[WhiteClock "0:00:00"]
[BlackClock "0:01:13"]

1. e4 c5 2. Nf3 a6 3. c4 Nc6 4. d4 cxd4 5. Nxd4 e5 6. Nc2 Bc5 7. Nc3 Nf6 8. Be2 d6 9. O-O Be6 10. Be3 Bxe3 11. Nxe3 O-O 12. Qd2 Qa5 13. Rfd1 Nd4 14. Nc2 Nc6 15. Rab1 Rfd8 16. b4 Qc7 17. Nd5 Bxd5 18. exd5 Ne7 19. Ne3 a5 20. bxa5 Nd7 21. Rb5 Ra7 22. Rdb1 Rda8 23. Qb2 Nc5 24. Qb4 Rxa5 25. Rxa5 Qxa5 26. Qb6 Qxa2 27. Bf1 Qa6 28. g3 Qxb6 29. Rxb6 Ra6 30. Rb5 f5 31. Bh3 g6 32. Nc2 Ra4 33. Nb4 Kf7 34. g4 Ra1+ 35. Kg2 Rc1 36. gxf5 gxf5 37. Rb6 Rxc4 0-1

[Event "December 12 Late 2023"]
[Site "https://www.chess.com"]
[Date "2023.12.12"]
[Round "2"]
[White "Gorovets, Andrey"]
[Black "Rama, Tejas"]
[Result "1-0"]
[Board "42"]
[TimeControl "180+1"]
[WhiteFideId "13504037"]
[BlackFideId "30907381"]
[WhiteElo "2825"]
[BlackElo "2530"]
[WhiteTeam "BLR"]
[BlackTeam "USA"]
[WhiteClock "0:00:09"]
[BlackClock "0:00:02"]

1. Nf3 Nf6 2. g3 d5 3. Bg2 g6 4. c4 c6 5. Qb3 Bg7 6. d4 O-O 7. O-O a5 8. cxd5 cxd5 9. Nc3 Nc6 10. Rd1 Bf5 11. Ne5 Nb4 12. Rd2 Ne4 13. Nxe4 dxe4 14. a3 Be6 15. Qd1 Nc6 16. Nxc6 bxc6 17. Bxe4 Bd5 18. Qc2 Rc8 19. e3 Qb6 20. b4 axb4 21. axb4 Qxb4 22. Ba3 Bxe4 23. Bxb4 Bxc2 24. Rxc2 Rfe8 25. Rac1 e5 26. d5 Bf8 27. Bxf8 Kxf8 28. dxc6 Rc7 29. Rc5 f6 30. Kg2 Ke7 31. Rd5 Rec8 32. Rcd1 Ke8 33. Rd7 h5 34. R1d6 Rxc6 35. Rxc6 Rxc6 36. Rg7 g5 37. Rh7 Kf8 38. Rxh5 Kg7 39. g4 Rc4 40. Kg3 Rc2 41. h4 gxh4+ 42. Rxh4 Ra2 43. Rh1 Ra4 44. Rc1 Kg6 45. Rc8 Ra3 46. Rc6 Ra2 47. f4 exf4+ 48. exf4 Ra3+ 49. Kh4 Ra4 50. f5+ Kg7 51. Rc7+ Kh6 52. Rc6 Kg7 53. Kh5 Ra7 54. Rd6 Rf7 55. Kh4 Ra7 56. Kg3 Ra3+ 57. Kf4 Ra4+ 58. Kf3 Ra3+ 59. Ke4 Ra4+ 60. Rd4 Ra7 61. Kd5 Rd7+ 62. Kc5 Rc7+ 63. Kd6 Ra7 64. Ke6 Ra6+ 65. Rd6 Ra4 66. Rd7+ Kh6 67. Kxf6 Rxg4 68. Kf7 Rf4 69. f6 Ra4 70. Re7 Ra8 71. Re2 Kg5 72. Rg2+ Kf5 73. Rf2+ Kg5 74. Kg7 Ra7+ 75. f7 1-0

[Event "December 12 Late 2023"]
[Site "https://www.chess.com"]
[Date "2023.12.12"]
[Round "2"]
[White "Kadric, Denis"]
[Black "Ferreira, Vitor Hugo Vieira"]
[Result "1-0"]
[Board "43"]
[TimeControl "180+1"]
[WhiteFideId "14403803"]
[BlackFideId "2119765"]
[WhiteElo "2810"]
[BlackElo "2530"]
[WhiteTeam "MNE"]
[BlackTeam "BRA"]
[WhiteClock "0:01:54"]
[BlackClock "0:01:33"]

1. e4 c5 2. Nc3 d6 3. f4 g6 4. Nf3 Bg7 5. Bb5+ Nc6 6. d3 Bd7 7. Bc4 Na5 8. Bd2 Nxc4 9. dxc4 Bc6 10. Qe2 e6 11. O-O-O Ne7 12. h4 h5 13. Ng5 Qc7 14. Be1 Rf8 15. g4 hxg4 16. Qxg4 O-O-O 17. Nxf7 Rxf7 18. Qxe6+ Qd7 19. Qxf7 Bh6 20. Bd2 Rf8 21. Qh7 Bxf4 22. Bxf4 Rxf4 23. Rhf1 Rxf1 24. Rxf1 Qe6 25. Qf7 Qe5 26. Qf6 Kd7 27. Qxe5 dxe5 28. Nd5 Bxd5 29. cxd5 Ke8 30. Rf6 1-0

[Event "December 12 Late 2023"]
[Site "https://www.chess.com"]
[Date "2023.12.12"]
[Round "2"]
[White "Kopczynski, Michal"]
[Black "Brodsky, David"]
[Result "0-1"]
[Board "44"]
[TimeControl "180+1"]
[WhiteFideId "1124200"]
[BlackFideId "2073250"]
[WhiteElo "2527"]
[BlackElo "2801"]
[WhiteTeam "POL"]
[BlackTeam "USA"]
[WhiteClock "0:00:05"]
[BlackClock "0:01:00"]

1. e4 c5 2. d4 cxd4 3. c3 Nf6 4. Bd3 dxc3 5. Nxc3 Nc6 6. f4 d6 7. Nf3 Bg4 8. O-O e6 9. Kh1 Be7 10. Qe1 O-O 11. Be3 d5 12. e5 d4 13. exf6 Bxf6 14. Rd1 Qe7 15. Nxd4 Bxd4 16. Bxd4 Bxd1 17. Bxg7 Kxg7 18. Qg3+ Kh8 19. Qh3 f5 20. Rxd1 Rad8 21. Re1 Qd6 22. Bc4 Qxf4 23. Bxe6 Rfe8 0-1

[Event "December 12 Late 2023"]
[Site "https://www.chess.com"]
[Date "2023.12.12"]
[Round "2"]
[White "Volodin, Aleksandr"]
[Black "Lin, Bryan Enming"]
[Result "1-0"]
[Board "45"]
[TimeControl "180+1"]
[WhiteFideId "4501950"]
[BlackFideId "30987121"]
[WhiteElo "2792"]
[BlackElo "2524"]
[WhiteTeam "EST"]
[BlackTeam "USA"]
[WhiteClock "0:00:18"]
[BlackClock "0:01:23"]

1. d4 Nf6 2. c4 g6 3. Nc3 Bg7 4. e4 d6 5. f3 O-O 6. Be3 c6 7. Qd2 a6 8. Bd3 b5 9. Nge2 Nbd7 10. O-O e5 11. Rad1 Re8 12. d5 b4 13. Na4 cxd5 14. cxd5 a5 15. Rc1 Ba6 16. Rc6 Nb8 17. Rc2 Nfd7 18. Rfc1 Bf6 19. Bxa6 Nxa6 20. Rc6 Ndc5 21. Nxc5 Nxc5 22. Bxc5 dxc5 23. R1xc5 Be7 24. Rc4 Bg5 25. Qd3 Qb8 26. g3 Qa7+ 27. Kg2 Bh6 28. h4 Rad8 29. Rc7 Qb6 30. R4c6 Qb8 31. g4 Rd6 32. g5 Bf8 33. Rc4 Rb6 34. Ng1 Bd6 35. R7c6 Rd8 36. Nh3 Qb7 37. Nf2 b3 38. a4 Be7 39. Rc7 Bd6 40. Rxb7 Rxb7 41. Ng4 Kg7 42. Rc6 Bb8 43. Qa6 Rb4 44. Qxa5 Rd4 45. Qxd8 Rd3 46. Qf6+ 1-0

[Event "December 12 Late 2023"]
[Site "https://www.chess.com"]
[Date "2023.12.12"]
[Round "2"]
[White "Sroczynski, Maciej"]
[Black "Matinian, Nikita"]
[Result "1-0"]
[Board "46"]
[TimeControl "180+1"]
[WhiteFideId "1121472"]
[BlackFideId "24129100"]
[WhiteElo "2524"]
[BlackElo "2789"]
[WhiteTeam "POL"]
[BlackTeam "FID"]
[WhiteClock "0:00:12"]
[BlackClock "0:00:00"]

1. d4 Nf6 2. Nf3 g6 3. c4 Bg7 4. Nc3 d6 5. e4 O-O 6. Be2 Na6 7. O-O e5 8. Bg5 h6 9. Be3 Ng4 10. Bc1 exd4 11. Nxd4 h5 12. h3 Ne5 13. Be3 Nc5 14. Qd2 Kh7 15. Rad1 Ne6 16. f4 Nc6 17. Nxc6 bxc6 18. f5 Bxc3 19. Qxc3 Ng7 20. Bd4 f6 21. fxg6+ Kxg6 22. e5 Nf5 23. exd6 Qxd6 24. Bd3 c5 25. Be3 Qe5 26. Qxe5 fxe5 27. g4 hxg4 28. hxg4 Rb8 29. b3 e4 30. Bxe4 Re8 31. Bxf5+ Bxf5 32. gxf5+ Kf6 33. Rf3 Re4 34. Rd2 Rg8+ 35. Kf2 Rh8 36. Bf4 Rh4 37. Bxc7 Rhg4 38. Bd8+ Kf7 39. f6 a6 40. Rd7+ Kf8 41. Be7+ Ke8 42. Rd8+ Kf7 43. Rf8+ Ke6 44. Bxc5 Rh4 45. Rg8 Rh2+ 46. Rg2 Rxg2+ 47. Kxg2 Re5 48. f7 1-0

[Event "December 12 Late 2023"]
[Site "https://www.chess.com"]
[Date "2023.12.12"]
[Round "2"]
[White "Yuan, Qingyu"]
[Black "Osmak, Yuliia"]
[Result "1-0"]
[Board "47"]
[TimeControl "180+1"]
[WhiteFideId "8609772"]
[BlackFideId "14101602"]
[WhiteElo "2787"]
[BlackElo "2524"]
[WhiteTeam "CHN"]
[BlackTeam "UKR"]
[WhiteClock "0:00:39"]
[BlackClock "0:00:01"]

1. e4 e6 2. d4 d5 3. Nd2 c5 4. Ngf3 cxd4 5. Nxd4 Nf6 6. Bd3 Nc6 7. Nxc6 bxc6 8. Qe2 Be7 9. O-O O-O 10. e5 Nd7 11. c4 Nc5 12. Bc2 a5 13. b3 Ba6 14. Bb2 Qb8 15. Bc3 Qb6 16. Rab1 Rfd8 17. Rfd1 d4 18. Bxh7+ Kxh7 19. Bb2 Kg8 20. Nf1 d3 21. Qe3 Rab8 22. Bd4 Qb4 23. Ng3 a4 24. Nh5 axb3 25. axb3 Bf8 26. h4 Bxc4 27. bxc4 Qxb1 28. Rxb1 Rxb1+ 29. Kh2 d2 30. Qxd2 Nb3 31. Qg5 Rxd4 32. Nf6+ Kh8 33. Qh5# 1-0

[Event "December 12 Late 2023"]
[Site "https://www.chess.com"]
[Date "2023.12.12"]
[Round "2"]
[White "Morris-Suzuki, Alan H"]
[Black "Troff, Kayden"]
[Result "0-1"]
[Board "48"]
[TimeControl "180+1"]
[WhiteFideId "30933218"]
[BlackFideId "2047896"]
[WhiteElo "2523"]
[BlackElo "2786"]
[WhiteTeam "USA"]
[BlackTeam "USA"]
[WhiteClock "0:00:05"]
[BlackClock "0:00:14"]

1. Nf3 Nf6 2. c4 g6 3. Nc3 d5 4. cxd5 Nxd5 5. Qb3 Nb6 6. d4 Nc6 7. e4 Nxd4 8. Nxd4 Qxd4 9. Be3 Qe5 10. O-O-O Bg7 11. f4 Qe6 12. Qc2 O-O 13. h4 Bd7 14. h5 Rfd8 15. hxg6 hxg6 16. Qf2 Na4 17. f5 gxf5 18. exf5 Qxf5 19. Qxf5 Bxf5 20. Rxd8+ Rxd8 21. Nxa4 b6 22. Be2 c5 23. Rd1 Rc8 24. Bf3 Be6 25. b3 c4 26. b4 c3 27. b5 Bxa2 28. Bc6 Bb3 29. Rd7 Bxa4 30. Rxa7 Bb3 31. Rxe7 Rd8 32. Bf3 c2 33. g4 Rd1+ 0-1

[Event "December 12 Late 2023"]
[Site "https://www.chess.com"]
[Date "2023.12.12"]
[Round "2"]
[White "Ghasi, Ameet K"]
[Black "Korchynskyi, Mykola"]
[Result "1-0"]
[Board "49"]
[TimeControl "180+1"]
[WhiteFideId "409200"]
[BlackFideId "34138005"]
[WhiteElo "2781"]
[BlackElo "2521"]
[WhiteTeam "ENG"]
[BlackTeam "UKR"]
[WhiteClock "0:00:07"]
[BlackClock "0:00:21"]

1. g3 d5 2. Bg2 Nf6 3. d3 e6 4. Nf3 Be7 5. Nbd2 O-O 6. b3 b6 7. Bb2 Bb7 8. a3 Nbd7 9. O-O c5 10. e3 Rc8 11. Qe2 Qc7 12. c4 Rfd8 13. Rac1 dxc4 14. bxc4 Nf8 15. Rfd1 Bc6 16. Bh3 Ng6 17. Ne1 Rd7 18. f4 Rcd8 19. Rb1 Ba8 20. Bc3 Ne8 21. e4 Bf6 22. e5 Be7 23. f5 exf5 24. Bxf5 Rd4 25. Bxd4 Rxd4 26. Ndf3 Rd8 27. Be4 Bxe4 28. Qxe4 Qc8 29. Ng2 Nc7 30. Nf4 Nxf4 31. gxf4 Ne6 32. f5 Nd4 33. Nxd4 Rxd4 34. Qf3 Bg5 35. Rf1 h6 36. Rbe1 Rf4 37. Qh3 Rh4 38. Qg3 Qd8 39. e6 fxe6 40. fxe6 h5 41. Kh1 Rg4 42. Qf3 Kh7 43. Qf5+ Kh6 44. Qd5 Qe8 45. Rg1 Bf6 46. Rxg4 hxg4 47. Qe4 Kh5 48. e7 Kh6 49. Qxg4 Qa8+ 50. Qe4 Qe8 51. Re2 g5 52. Rf2 Kg7 53. Re2 Kf7 54. Kg2 Kg7 55. Kf3 Qh5+ 56. Kg2 Qe8 57. h3 Kg8 58. Qe6+ Kg7 59. Rf2 Qa8+ 60. Rf3 1-0

[Event "December 12 Late 2023"]
[Site "https://www.chess.com"]
[Date "2023.12.12"]
[Round "2"]
[White "Rizzo, Tobias"]
[Black "Korchmar, Vasiliy"]
[Result "0-1"]
[Board "50"]
[TimeControl "180+1"]
[WhiteFideId "30942691"]
[BlackFideId "24131750"]
[WhiteElo "2520"]
[BlackElo "2767"]
[WhiteTeam "USA"]
[BlackTeam "RUS"]
[WhiteClock "0:00:00"]
[BlackClock "0:00:57"]

1. d4 Nf6 2. Bg5 Ne4 3. h4 d5 4. Nd2 Nd6 5. Ngf3 h6 6. Bf4 Bf5 7. e3 e6 8. Rc1 c6 9. a3 Nd7 10. c4 Ne4 11. Be2 Be7 12. h5 O-O 13. cxd5 exd5 14. Nxe4 Bxe4 15. Nd2 Bh7 16. g4 c5 17. dxc5 Nxc5 18. Nb3 Ne6 19. Bg3 Bf6 20. Qd2 Qb6 21. Bd1 d4 22. exd4 Nxd4 23. Nxd4 Bxd4 24. b4 Rfe8+ 25. Kf1 Rad8 26. Bc7 Qb5+ 27. Be2 Rxe2 28. Qxe2 Bd3 29. Bxd8 Bxe2+ 30. Kg2 Qd5+ 31. f3 Qxf3+ 0-1

[Event "December 12 Late 2023"]
[Site "https://www.chess.com"]
[Date "2023.12.12"]
[Round "2"]
[White "Wieczorek, Oskar"]
[Black "Makaraci, Tunahan"]
[Result "1-0"]
[Board "51"]
[TimeControl "180+1"]
[WhiteFideId "1133950"]
[BlackFideId "6356559"]
[WhiteElo "2764"]
[BlackElo "2518"]
[WhiteTeam "POL"]
[BlackTeam "TUR"]
[WhiteClock "0:00:14"]
[BlackClock "0:00:40"]

1. e4 Nf6 2. e5 Nd5 3. d4 d6 4. Nf3 g6 5. Bc4 Nb6 6. Bb3 Bg7 7. Ng5 e6 8. Qe2 O-O 9. Nf3 a5 10. a4 Nc6 11. Nbd2 dxe5 12. dxe5 Nd4 13. Nxd4 Qxd4 14. Nf3 Qb4+ 15. Bd2 Qe7 16. h4 h5 17. Ng5 Bd7 18. g4 Bc6 19. Rg1 hxg4 20. Qxg4 Bd5 21. h5 Bxb3 22. cxb3 f6 23. Qxe6+ Qxe6 24. Nxe6 Rfe8 25. Nxg7 Rxe5+ 26. Kf1 Kxg7 27. Rxg6+ Kf7 28. Rh6 Rg8 29. Rc1 c6 30. Rh7+ Rg7 31. Rxg7+ Kxg7 32. h6+ Kg6 33. Rc3 Nd5 34. Rg3+ Kh7 35. Rg7+ Kh8 36. Rxb7 Rh5 37. Ke2 Re5+ 38. Kd1 Rh5 39. Ra7 Kg8 40. Rxa5 Rh1+ 41. Kc2 Kh7 42. Ra7+ Kg8 43. Rg7+ Kh8 44. a5 Ra1 45. b4 Ra2 46. Kb1 Ra4 47. b3 1-0

[Event "December 12 Late 2023"]
[Site "https://www.chess.com"]
[Date "2023.12.12"]
[Round "2"]
[White "Reprintsev, Alexander"]
[Black "Postny, Evgeny"]
[Result "0-1"]
[Board "52"]
[TimeControl "180+1"]
[WhiteFideId "14100541"]
[BlackFideId "2804344"]
[WhiteElo "2518"]
[BlackElo "2762"]
[WhiteTeam "UKR"]
[BlackTeam "ISR"]
[WhiteClock "0:00:10"]
[BlackClock "0:00:23"]

1. e4 e6 2. d4 d5 3. Nc3 Bb4 4. Ne2 Nc6 5. a3 Be7 6. e5 b6 7. Nf4 g6 8. h4 Na5 9. h5 g5 10. Nd3 Nh6 11. g4 c5 12. Bg2 cxd4 13. Nb5 Nc6 14. Qf3 a6 15. Nd6+ Bxd6 16. exd6 f6 17. Qg3 Nf7 18. f4 Qxd6 19. Qf2 gxf4 20. Bxf4 e5 21. Bg3 Bxg4 22. Rh4 Bd7 23. O-O-O Rg8 24. Bh2 O-O-O 25. Nb4 Nxb4 26. axb4 Ng5 27. Rhxd4 Bc6 28. Bxd5 Bxd5 29. Rxd5 Qc6 30. Qf5+ Qe6 31. Rxd8+ Rxd8 32. Rxd8+ Kxd8 33. Qd3+ Ke8 34. Qxa6 Qc6 35. Bg1 Qh1 36. Qb5+ Ke7 37. Qxb6 Nh3 38. Qc7+ Ke6 39. Qc8+ Ke7 40. Qc7+ Kf8 41. Qd8+ Kf7 42. Qd5+ Qxd5 0-1

[Event "December 12 Late 2023"]
[Site "https://www.chess.com"]
[Date "2023.12.12"]
[Round "2"]
[White "Atakhan, Abtin"]
[Black "ChessSG1"]
[Result "1-0"]
[Board "53"]
[TimeControl "180+1"]
[WhiteFideId "22502203"]
[WhiteElo "2758"]
[BlackElo "2496"]
[WhiteTeam "IRI"]
[WhiteClock "0:00:58"]
[BlackClock "0:00:03"]

1. c4 e6 2. Nc3 d5 3. d4 Nf6 4. cxd5 exd5 5. Bg5 c6 6. e3 Bd6 7. Bd3 O-O 8. Nf3 Re8 9. Qc2 h6 10. Bh4 Be6 11. Ne5 c5 12. O-O Nc6 13. Nxc6 bxc6 14. dxc5 Bxc5 15. Na4 Bd6 16. Bg3 Bxg3 17. hxg3 Rc8 18. Nc5 Qb6 19. Rfc1 Bg4 20. Qc3 Nd7 21. Qd4 Ne5 22. Rc2 Rb8 23. Rac1 Nxd3 24. Qxd3 Bh5 25. Qd4 Bg6 26. Rd2 Qa5 27. b3 Be4 28. Na4 Rb4 29. Qc3 Reb8 30. Rd4 Qb5 31. Rxb4 Qxb4 32. Qxb4 Rxb4 33. Rxc6 Kh7 34. Rc7 Bb1 35. Nc3 Bg6 36. Nxd5 Rb5 37. Nc3 Ra5 38. f3 h5 39. e4 Kh6 40. Kf2 Kg5 41. Rd7 Kh6 42. Rd5 Ra6 43. Rc5 Rd6 44. Nd5 f6 45. a4 Bf7 46. b4 f5 47. Nc3 fxe4 48. Nxe4 Rd4 49. Rc6+ Kh7 50. Ng5+ Kg8 51. Rc8+ 1-0

[Event "December 12 Late 2023"]
[Site "https://www.chess.com"]
[Date "2023.12.12"]
[Round "2"]
[White "Bardyk, Artem"]
[Black "Sanchez Enriquez, Oscar Gerardo"]
[Result "1/2-1/2"]
[Board "54"]
[TimeControl "180+1"]
[WhiteFideId "34349979"]
[BlackFideId "5106311"]
[WhiteElo "2751"]
[BlackElo "2477"]
[WhiteTeam "RUS"]
[BlackTeam "MEX"]
[WhiteClock "0:00:06"]
[BlackClock "0:00:22"]

1. e4 d6 2. d4 Nf6 3. Nc3 g6 4. Bg5 c6 5. e5 dxe5 6. dxe5 Nd5 7. Nxd5 cxd5 8. Nf3 Nc6 9. c3 Bg7 10. Bf4 O-O 11. Bd3 Bg4 12. Be2 e6 13. h4 Bxf3 14. Bxf3 Nxe5 15. h5 Qf6 16. Be3 Nxf3+ 17. Qxf3 Qxf3 18. gxf3 a6 19. Ke2 Rac8 20. Rh4 Rc6 21. Rah1 Rfc8 22. Rb4 b5 23. hxg6 hxg6 24. Rbh4 Rc4 25. Kd3 Rxh4 26. Rxh4 Rc4 27. Rh1 Bf6 28. Ra1 b4 29. Bd2 bxc3 30. bxc3 Ra4 31. Kc2 e5 32. Kb3 Rc4 33. Rd1 Rc6 34. Be3 e4 35. Bd4 Bxd4 36. Rxd4 exf3 37. Rxd5 f5 38. Rd3 Kf7 39. Rxf3 Kf6 40. Rh3 Ke5 41. Rh4 g5 42. Ra4 g4 43. Kc2 Rh6 44. Kd3 Rh3+ 45. Kd2 Rf3 46. Ke2 Rxc3 47. Rxa6 Rc2+ 48. Kf1 Ke4 49. Ra4+ Kf3 50. Ra3+ Kf4 51. Kg2 Kg5 52. Ra8 Kf4 53. Ra4+ Kg5 54. Ra8 Rb2 55. Ra4 f4 56. Ra5+ Kh4 57. Ra8 f3+ 58. Kg1 Rb1+ 59. Kh2 Rf1 60. Rh8+ Kg5 61. Rg8+ Kf5 62. Rf8+ Ke4 63. Re8+ Kf5 64. Rf8+ Kg6 65. Kg3 Rg1+ 66. Kf4 Rg2 67. Rf5 Rxf2 68. Rg5+ Kf6 69. Rxg4 Rxa2 70. Kxf3 Kf5 71. Rg2 Ra3+ 72. Kf2 Kf4 73. Rg8 Ra2+ 74. Ke1 Ke3 75. Rg3+ Kf4 76. Rg8 Ke3 77. Rg3+ Kf4 78. Rg8 1/2-1/2